 Dungeon Crawl Stone Soup version 0.17.0-22-g5edae84 (webtiles) character file.

19272 inmateoo the Grappler (level 12, -1/106 HPs)
             Began as a Ghoul Monk on Nov 12, 2015.
             Was the Champion of Cheibriados.
             Slain by a skeletal warrior
             ... wielding a +0 mace
              (21 damage)
             ... on level 12 of the Dungeon.
             The game lasted 00:21:04 (8759 turns).

inmateoo the Grappler (Ghoul Monk)                  Turns: 8759, Time: 00:21:04

Health: -1/106     AC: 12    Str: 38    XL:     12   Next: 67%
Magic:  11/14      EV: 19    Int: 20    God:    Cheibriados [******]
Gold:   864        SH:  0    Dex: 31    Spells: 0 memorised, 11 levels left

rFire  . . .     SeeInvis .       - Unarmed
rCold  + . .     Clarity  .     n - +0 chain mail
rNeg   + + +     SustAt   .     (no shield)
rPois  ∞         Gourm    .     (no helmet)
rElec  .         Spirit   .     (no cloak)
rCorr  .         Warding  .     (no gloves)
rMut   .         Stasis   .     B - +0 pair of boots
MR     .....                    (no amulet)
Stlth  ..........               (no ring)
                                e - +3 ring of dexterity

@: mighty, about to teleport, rotting, very slow, not resistant to hostile
enchantments, extremely unstealthy
A: rotting body, claws 1, carnivore 3, cold resistance 1, negative energy
resistance 3, slow regeneration 1, torment resistance, unbreathing
a: Bend Time, Temporal Distortion, Slouch, Step From Time, Renounce Religion


You were on level 12 of the Dungeon.
You worshipped Cheibriados.
Cheibriados was exalted by your worship.
You were not hungry.

You visited 1 branch of the dungeon, and saw 12 of its levels.

You collected 864 gold pieces.

Inventory:

Missiles
 g - a throwing net (quivered)
Armour
 i - a +1 shield of positive energy
 n - a +0 chain mail (worn)
 B - a +0 pair of boots (worn)
Jewellery
 e - a +3 ring of dexterity (left claw)
Wands
 s - a wand of polymorph (13)
 u - a wand of paralysis (16)
 y - a wand of paralysis (15)
 C - a wand of digging (19)
 D - a wand of digging (13)
 E - a wand of fireball (3)
Scrolls
 h - 7 scrolls of remove curse
 r - 2 scrolls of fog
 t - 5 scrolls of identify
 v - a scroll of teleportation
 w - 3 scrolls of amnesia
 A - a scroll of enchant armour
 F - a scroll of recharging
Potions
 a - 4 potions of flight
 c - 2 potions of curing
 k - 3 potions of ambrosia
 p - 3 potions of brilliance
 z - a potion of cancellation
 G - a potion of agility
 H - a potion of resistance
Books
 q - a book of Flames

   Spells                             Type                      Level
   a - Flame Tongue                   Conjuration/Fire             1
   b - Throw Flame                    Conjuration/Fire             2
   c - Conjure Flame                  Conjuration/Fire             3
   d - Inner Flame                    Hexes/Fire                   3
   e - Sticky Flame                   Conjuration/Fire             4
   f - Fireball                       Conjuration/Fire             5
 L - a book of the Earth

   Spells                             Type                      Level
   a - Leda's Liquefaction            Hexes/Earth                  4
   b - Bolt of Magma                  Conjuration/Fire/Earth       5
   c - Statue Form                    Transmutation/Earth          6
   d - Iron Shot                      Conjuration/Earth            6
   e - Shatter                        Earth                        9
Miscellaneous
 o - a plain deck of summoning {drawn: 1}
 M - a lamp of fire
Comestibles
 b - 11 meat rations
 d - 3 beef jerkies
 j - a slice of pizza
 x - a royal jelly


   Skills:
 + Level 10.2 Fighting
 + Level 8.1 Armour
 + Level 8.9 Dodging
 - Level 2.1 Stealth
 * Level 14.1 Unarmed Combat
 + Level 5.1 Invocations


You had 11 spell levels left.
You didn't know any spells.

Dungeon Overview and Level Annotations

Branches:
Dungeon (12/15)            Temple (0/1) D:5            Lair (0/8) D:9
    Orc (0/4) D:10

Altars:
Cheibriados
Dithmenos
Elyvilon
Fedhas
Gozag
Kikubaaqudgha
Makhleb
Nemelex Xobeh
Okawaru
Qazlal
Sif Muna
Vehumet
The Shining One

Shops:
D:6 }   D:11 (


Innate Abilities, Weirdness & Mutations

Your body is rotting away.
You thrive on raw meat.
You are immune to poison.
You have sharp fingernails.
You are carnivorous and can eat meat at any time.
Your flesh is cold resistant.
You are immune to negative energy.
You regenerate slowly when monsters are visible.
You are immune to unholy pain and torment.
You can survive without breathing.


Message History

The skeletal warrior is severely damaged.
You scratch the skeletal warrior but do no damage.
The skeletal warrior is severely damaged.
The skeletal warrior hits you from afar with a halberd!
The skeletal warrior hits you with a glaive!
* * * LOW HITPOINT WARNING * * *
You eviscerate the skeletal warrior!!!
You destroy the skeletal warrior!
Cheibriados appreciates the change of pace.
Unknown command.
Drink which item? (? for menu, Esc to quit)
You feel much better.
The skeletal warrior hits you with a mace!
* * * LOW HITPOINT WARNING * * *
The skeletal warrior barely misses you.
Read which item? (? for menu, Esc to quit)
As you read the scroll of teleportation, it crumbles to dust.
You feel strangely unstable.
The skeletal warrior hits you with a mace!!
You die...

###########
#..........
#.......... ##
#.......... ##.##
#.......... #...#
##########.##.##
#...###..........##.#
#...)@zz.........##.##
#..)###)...>......#..#
#....##..............#
##.#.##..<............
###.##..........#####
#.##..........# #
#..#..........# #
##.#..........#
#.#######....####


You could see 2 skeletal warriors.

Vanquished Creatures
  Josephine (D:11)
  3 skeletal warriors (D:12)
  3 unseen horrors
  4 hill giants
  A cyclops (D:11)
  3 ugly things
  2 trolls
  A two-headed ogre (D:11)
  Grinder (D:4)
  6 slime creatures (D:12)
  A spriggan (D:7)
  Sigmund (D:2)
  11 yaks
  2 hippogriffs
  A wyvern (D:10)
  Eustachio (D:4)
  3 wraiths (D:11)
  A deep elf mage (D:9)
  A hungry ghost (D:7)
  A mottled dragon (D:12)
  2 water moccasins
  A soldier ant (D:11)
  4 sky beasts
  5 ogres
  3 orc warriors
  12 centaurs
  4 ice beasts
  A phantom (D:11)
  A crocodile (D:10)
  10 giant frogs
  A big kobold (D:11)
  A water moccasin zombie (D:7)
  4 scorpions
  9 killer bees (D:11)
  13 wights
  5 crimson imps
  A centaur zombie (D:8)
  A quasit (D:12)
  3 centaur skeletons
  A jelly (D:10)
  A giant frog skeleton (D:9)
  5 iguanas
  7 orc priests
  6 hounds
  10 worker ants
  Jessica (D:2)
  9 orc wizards
  A statue (D:9)
  A hound zombie (D:11)
  2 hound skeletons
  A worker ant zombie (D:7)
  8 gnolls
  4 shadow imps
  10 adders
  2 oozes
  An adder zombie (D:8)
  6 worms
  An adder skeleton (D:4)
  7 giant geckos
  52 orcs
  12 bats
  5 giant cockroaches
  6 goblins
  11 hobgoblins
  9 jackals
  9 kobolds
  2 quokkas
  A ball python (D:4)
  3 giant newts
  20 rats
  A fungus (D:9)
344 creatures vanquished.

Notes
Turn   | Place    | Note
--------------------------------------------------------------
     0 | D:1      | inmateoo the Ghoul Monk began the quest for the Orb.
     0 | D:1      | Reached XP level 1. HP: 19/19 MP: 0/0
   178 | D:1      | Reached XP level 2. HP: 26/26 MP: 1/1
   279 | D:1      | Reached XP level 3. HP: 28/30 MP: 2/2
   480 | D:1      | You fall through a shaft!
   480 | D:2      | Found a snail-covered altar of Cheibriados.
   489 | D:2      | Became a worshipper of Cheibriados the Contemplative
   489 | D:2      | Reached * piety under Cheibriados
   489 | D:2      | Reached ** piety under Cheibriados
   547 | D:2      | Reached skill level 5 in Unarmed Combat
   851 | D:2      | Noticed Jessica
   862 | D:2      | Killed Jessica
   862 | D:2      | Reached XP level 4. HP: 35/40 MP: 3/3
   899 | D:2      | Found an iron altar of Okawaru.
   936 | D:2      | Noticed Sigmund
   948 | D:2      | Killed Sigmund
   948 | D:2      | Reached skill level 1 in Armour
   948 | D:2      | Reached skill level 6 in Unarmed Combat
   948 | D:2      | Reached XP level 5. HP: 30/47 MP: 4/4
   948 | D:2      | Reached XP level 6. HP: 33/53 MP: 5/5
  1318 | D:3      | HP: 2/53 [orc/war axe of freezing (5)]
  1450 | D:3      | Found an opulent altar of Gozag.
  1451 | D:3      | Found a shadowy altar of Dithmenos.
  1478 | D:3      | Reached *** piety under Cheibriados
  1643 | D:3      | Found a blossoming altar of Fedhas.
  1777 | D:4      | Found a white marble altar of Elyvilon.
  1835 | D:4      | Found a glowing golden altar of the Shining One.
  1887 | D:4      | Reached XP level 7. HP: 20/60 MP: 6/6
  1911 | D:4      | Reached **** piety under Cheibriados
  1985 | D:4      | Noticed Grinder
  1994 | D:4      | Killed Grinder
  1994 | D:4      | Reached skill level 5 in Fighting
  1994 | D:4      | Reached skill level 7 in Unarmed Combat
  2287 | D:4      | Reached XP level 8. HP: 68/68 MP: 7/7
  2566 | D:4      | Noticed Eustachio
  2578 | D:4      | Killed Eustachio
  2676 | D:5      | Entered Level 5 of the Dungeon
  2751 | D:5      | Reached skill level 8 in Unarmed Combat
  2756 | D:5      | Found a staircase to the Ecumenical Temple.
  2803 | D:5      | Found a stormy altar of Qazlal.
  2948 | D:5      | Reached skill level 5 in Dodging
  3353 | D:6      | Found Homigh's Quality Used Wands.
  3431 | D:6      | Reached ***** piety under Cheibriados
  3573 | D:6      | Reached XP level 9. HP: 75/75 MP: 8/8
  3627 | D:6      | Reached skill level 9 in Unarmed Combat
  3678 | D:6      | Found an ancient bone altar of Kikubaaqudgha.
  4270 | D:7      | Reached skill level 10 in Unarmed Combat
  4362 | D:7      | Reached skill level 5 in Armour
  4460 | D:7      | Reached ****** piety under Cheibriados
  4620 | D:8      | Reached XP level 10. HP: 84/86 MP: 9/9
  4761 | D:8      | Found a deep blue altar of Sif Muna.
  4885 | D:8      | Found a sparkling altar of Nemelex Xobeh.
  5332 | D:9      | Found a radiant altar of Vehumet.
  5510 | D:9      | Found a staircase to the Lair.
  5535 | D:9      | Reached skill level 11 in Unarmed Combat
  6050 | D:10     | Entered Level 10 of the Dungeon
  6053 | D:10     | Noticed a hill giant
  6059 | D:10     | Killed a hill giant
  6093 | D:10     | Found a staircase to the Orcish Mines.
  6160 | D:10     | Found a burning altar of Makhleb.
  6326 | D:10     | Noticed a hill giant
  6333 | D:10     | Killed a hill giant
  6333 | D:10     | Reached skill level 12 in Unarmed Combat
  6333 | D:10     | Reached XP level 11. HP: 60/95 MP: 10/10
  6513 | D:10     | Noticed a hill giant
  6521 | D:10     | Killed a hill giant
  6682 | D:11     | Found Meoff's Weapon Shoppe.
  6688 | D:11     | Noticed Josephine
  6705 | D:11     | Killed Josephine
  6705 | D:11     | Reached skill level 1 in Invocations
  7117 | D:11     | Noticed a hill giant
  7129 | D:11     | Killed a hill giant
  7338 | D:11     | Reached skill level 13 in Unarmed Combat
  7564 | D:11     | Killed an unseen horror
  7639 | D:11     | Reached XP level 12. HP: 85/106 MP: 13/13
  7813 | D:11     | Killed an unseen horror
  7843 | D:11     | Got a pair of bloodstained gloves
  7849 | D:11     | Identified the cursed +0 pair of gloves of the Lost Path {Str+4} (You found it on level 11 of the Dungeon)
  8284 | D:12     | Reached skill level 10 in Fighting
  8749 | D:12     | Reached skill level 14 in Unarmed Combat
  8752 | D:12     | Reached skill level 5 in Invocations
  8759 | D:12     | Slain by a skeletal warrior

Action                   |  1- 3 |  4- 6 |  7- 9 | 10-12 || total
-------------------------+-------+-------+-------+-------++-------
Melee: Unarmed           |   111 |   135 |   301 |   510 ||  1057
Invok: Slouch            |       |       |       |     2 ||     2
Evoke: Deck              |       |       |       |     1 ||     1
  Use: Scroll            |       |     8 |     6 |    11 ||    25
       Potion            |       |     3 |       |     3 ||     6
 Stab: Sleeping          |       |     4 |     1 |       ||     5
  Eat: Chunk             |     6 |    19 |    26 |    50 ||   101
